 Dungeon Crawl Stone Soup version 0.30-a0-760-g5a9884bb7c (webtiles) character file.

Game seed: 9429442422214820344

12384 kingofthe the Covert (level 11, -8/61 HPs)
             Began as an Octopode Fire Elementalist on Feb 12, 2023.
             Was a Believer of Sif Muna.
             Killed from afar by an ice statue (27 damage)
             ... with a shard of ice
             ... in an ice cave.
             The game lasted 01:07:21 (18349 turns).

kingofthe the Covert (Octopode Fire Elementalist)  Turns: 18349, Time: 01:07:22

Health: -8/61      AC:  1    Str:  8    XL:     11   Next: 92%
Magic:  21/21      EV: 22    Int: 17    God:    Sif Muna [**....]
Gold:   675        SH: 13    Dex: 29    Spells: 13/23 levels left

rFire   + . .      SeeInvis .    a - staff of fire
rCold   + . .      Faith    .    g - +3 buckler "Qyfum" {rC+}
rNeg    . . .      Spirit   .    (helmet restricted)
rPois   .          Reflect  +    r - amulet of reflection
rElec   .          Harm     .    f - +6 ring of dexterity
rCorr   .          Rampage  .    n - +6 ring of dexterity
Will    .....                    (no ring)
Stlth   ++++++                   (no ring)
HPRegen 0.30/turn                (no ring)
MPRegen 0.17/turn                (no ring)
                                 (no ring)
                                 (no ring)

@: no status effects
A: almost no armour, amphibious, 8 rings, camouflage 1, gelatinous body 1,
(nimble swimmer 1), tentacles
a: Renounce Religion, Channel Magic


You were in an ice cave.
You worshipped Sif Muna.
Sif Muna was pleased with you.
You visited 3 branches of the dungeon, and saw 13 of its levels.
You also visited: Ice Cave.

You collected 675 gold pieces.

Inventory:

Hand Weapons
 b - a +1 hand axe of flaming
 l - a +2 whip of freezing
 G - a +2 vampiric war axe
 K - a +4 double sword of electrocution
Armour
 g - the +3 buckler "Qyfum" (worn) {rC+}
   (You took it off a hobgoblin on level 2 of the Dungeon)

   rC:        It protects you from cold.
 k - a +1 tower shield of protection
 z - an orb of mayhem
Magical Staves
 a - a staff of fire (weapon)
Jewellery
 f - a +6 ring of dexterity (left tentacle)
 n - a +6 ring of dexterity (right tentacle)
 r - an amulet of reflection (around mantle)
Wands
 m - a wand of roots (5)
 o - a wand of acid (10)
 q - a wand of digging (2)
 t - a wand of mindburst (9)
 D - a wand of flame (14)
 H - a wand of paralysis (1)
Scrolls
 d - 6 scrolls of identify
 i - 2 scrolls of blinking
 u - 6 scrolls of teleportation
 w - 2 scrolls of vulnerability
 y - a scroll of torment {unknown}
 A - a scroll of poison {unknown}
 B - 2 scrolls of noise {unknown}
 E - a scroll of enchant weapon {unknown}
 I - 2 scrolls of fog
 J - a scroll of immolation
Potions
 c - a potion of invisibility
 e - 3 potions of might
 h - 4 potions of mutation
 j - 5 potions of heal wounds
 p - 7 potions of curing
 s - a potion of flight {unknown}
 v - 2 potions of attraction
 x - a potion of haste
 C - a potion of ambrosia {unknown}
Miscellaneous
 F - a tin of tremorstones (2/2)


   Skills:
 * Level 9.5 Dodging
 + Level 9.6 Stealth
 + Level 6.9 Spellcasting
 + Level 7.2 Conjurations
 + Level 5.9 Hexes
 + Level 8.0 Fire Magic
 * Level 3.5 Poison Magic
 - Level 5.0 Invocations


You had 13 spell levels left.
You knew the following spells:

 Your Spells              Type           Power      Damage    Failure   Level
a - Foxfire               Conj/Fire      100%       2x1d9     1%          1
b - Scorch                Fire           98%        2d9       1%          2
c - Slow                  Hex            100%       N/A       1%          1
d - Flame Wave            Conj/Fire      47%        2d12      7%          4
e - Poisonous Vapours     Pois/Air       22%        N/A       12%         2

Your spell library contained the following spells:

 Spells                   Type           Power      Damage    Failure   Level
 Inner Flame              Hex/Fire       44%        N/A       2%          3
 Confusing Touch          Hex            26%        N/A       4%          3
 Sting                    Tmut/Pois      44%        1d5       8%          1
 Necrotise                Necr           20%        1d5       16%         1
 Kindle Blastsparks       Fire/Tloc/Air  44%        2d13      16%         3
 Olgreb's Toxic Radiance  Pois           17%        N/A       36%         4
 Vampiric Draining        Necr           5%         2d6       43%         3
 Agony                    Necr           5%         N/A       99%         5
 Summon Forest            Summ/Tloc      2%         N/A       99%         5
 Eringya's Noxious Bog    Tmut/Pois      5%         N/A       100%        6
 Summon Hydra             Summ           2%         N/A       100%        7


Dungeon Overview and Level Annotations

Branches:
Dungeon (10/15)            Temple (1/1) D:5            Lair (2/5) D:9
  IceCv (1/1)
  Swamp: Lair:2-3    Shoals: Lair:2-3     Snake: Lair:2-3    Spider: Lair:2-3
    Orc: D:9-12

Altars:
Ashenzari
Dithmenos
Fedhas
Gozag
Hepliaklqana
Makhleb
Nemelex Xobeh
Okawaru
Qazlal
Ru
Sif Muna
Trog
Uskayaw
Vehumet
Wu Jian
Xom
Yredelemnul
Zin

Annotations:
D:6 2 transporters
D:7 1 runed translucent door, exclusion: 4 orange crystal statues
D:9 2 runed translucent doors, Maggie; SpyderV's ghost, novice MiFi IceCv exclusion: 3 ice statues


Innate Abilities, Weirdness & Mutations

You cannot wear most types of armour.
You are amphibious.
You can wear up to eight rings at the same time.
Your skin changes colour to match your surroundings (Stealth+).
Your rubbery body absorbs attacks. (AC +1, EV +1)
((You are camouflaged when in or above water. (Stealth+)))
You have tentacles for arms and can constrict up to eight enemies at once.


Message History

You feel a surge of power!
You conjure some foxfire!
You are engulfed in freezing vapours.
You resist.
Your foxfire is engulfed in freezing vapours. x3
The foxfire hits the ice statue!
The ice statue melts!
The ice statue is lightly damaged.
You hear a sizzling sound!
Your foxfire is engulfed in freezing vapours. x3
The ice statue gestures at you. The bolt of cold hits your foxfire!!
The bolt of cold hits you! You resist.
Your foxfire dissipates!
Your foxfire is engulfed in freezing vapours.
Your foxfire dissipates! x2
You start resting.
Magic restored.
You start resting.
HP restored.
Really wriggle into a travel-excluded area?
Uppercase [Y]es or [N]o only, please.
Really wriggle into a travel-excluded area?
The ice statue gestures at you. The shard of ice misses you.
An ice statue comes into view.
The ice statue gestures at you. The freezing blast misses you.
Marking area around an ice statue as unsafe for travelling.
You are engulfed in freezing vapours.
You resist.
The ice statue gestures.
The ice statue gestures at you. The freezing blast engulfs you! You resist.
You are engulfed in freezing vapours.
You resist.
The white ugly thing gurgles horribly!
The ice statue gestures at you.
The bolt of cold hits the ice beast.
The ice beast completely resists.
The bolt of cold hits you! You resist.
Really wriggle into that cloud of freezing vapour? [Y]es or [N]o only, please.
Really wriggle into that cloud of freezing vapour?
Okay, then.
The ice statue gestures at you. The shard of ice hits you!!
You partially resist.
You die...

#.......#
#.......#
#(.....(#
#...○..[#
####○####
#8.○○○.8#
#...○○☼○#
#..Y.○°☼#
#..@○○○☼#
#.......#
##.....##
##...##
##8## .u.
... ...


You could see 3 ice statues, a white ugly thing and an ice beast (summoned).

Vanquished Creatures
  Urug (Lair:1)
  An ugly thing (IceCv)
  A black mamba (Lair:1)
  4 cane toads (Lair:1)
  A rime drake (Lair:1)
  2 komodo dragons (Lair:1)
  6 blink frogs (Lair:1)
  3 wyverns (D:9)
  Grum (D:8)
  14 yaks
  A steam dragon (D:7)
  2 death yak simulacra (IceCv)
  An acid dragon (D:9)
  5 water moccasins
  A sky beast (D:7)
  A black bear (D:5)
  An ice beast (D:7)
  An orc warrior (D:8)
  8 wolves
  A centaur (D:5)
  3 ogres
  2 kobold brigands
  3 phantoms
  5 bullfrogs
  5 scorpions
  A necrophage (D:6)
  A cane toad simulacrum (IceCv)
  13 wights
  5 killer bees (D:9)
  2 electric eels (D:9)
  2 howler monkeys (D:7)
  4 hounds
  2 jellies
  4 orc priests
  Crazy Yiuf (D:2)
  A gnoll bouda (D:8)
  Natasha (thrice) (D:3)
  4 iguanas
  8 orc wizards
  A polar bear simulacrum (IceCv)
  A wolf simulacrum (IceCv)
  6 gnolls
  10 adders
  A shadow imp (D:6)
  3 white imps
  2 ufetubi
  4 worms
  12 orcs
  7 ball pythons
  4 endoplasms
  5 giant cockroaches
  5 goblins
  10 hobgoblins
  6 jackals
  10 kobolds
  5 quokkas
  5 bats
  5 frilled lizards
  9 rats
236 creatures vanquished.

Vanquished Creatures (collateral kills)
  12 foxfires
12 creatures vanquished.

Vanquished Creatures (others)
  A sky beast (D:7)
  2 bushes (D:9)
  1049 foxfires
  4 fungi
  26 plants
1082 creatures vanquished.

Grand Total: 1330 creatures vanquished

Notes
Turn   | Place    | Note
-------+----------+-------------------------------------------
     0 | D:1      | kingofthe the Octopode Fire Elementalist began the quest
                  | for the Orb.
     0 | D:1      | Reached XP level 1. HP: 11/11 MP: 3/3
   249 | D:1      | Reached XP level 2. HP: 17/17 MP: 1/5
   771 | D:1      | Reached XP level 3. HP: 21/21 MP: 4/6
  1415 | D:2      | Identified the +3 buckler "Qyfum" {rC+}
  1418 | D:2      | Reached XP level 4. HP: 27/27 MP: 1/7
  1639 | D:2      | Found a runed translucent door.
  1640 | D:2      | Noticed Crazy Yiuf
  1889 | D:2      | You fall into a shaft and drop 2 floors!
  1897 | D:4      | Noticed a phantom
  1916 | D:4      | Killed a phantom
  1917 | D:4      | Reached XP level 5. HP: 13/31 MP: 0/9
  2077 | D:4      | Noticed an ogre
  2226 | D:3      | Identified the +7 short sword "Aqeehat" {heavy, rN+}
  2328 | D:2      | Learned a level 2 spell: Scorch
  2638 | D:2      | Reached XP level 6. HP: 36/36 MP: 7/10
  3084 | D:2      | Killed Crazy Yiuf
  3314 | D:3      | Noticed Natasha
  3345 | D:3      | Killed Natasha
  3730 | D:3      | Noticed Natasha
  3756 | D:3      | Killed Natasha
  4186 | D:3      | Noticed Natasha
  4270 | D:3      | Reached XP level 7. HP: 41/41 MP: 5/12
  4651 | D:3      | Killed Natasha
  5452 | D:4      | Reached skill level 5 in Fire Magic
  5783 | D:5      | Entered Level 5 of the Dungeon
  5959 | D:5      | Reached XP level 8. HP: 46/46 MP: 11/14
  6227 | D:5      | Found a staircase to the Ecumenical Temple.
  6241 | D:5      | Learned a level 1 spell: Slow
  6249 | Temple   | Entered the Ecumenical Temple
  6400 | Temple   | Became a worshipper of Sif Muna the Loreminder
  6513 | D:5      | Reached skill level 5 in Stealth
  7276 | D:5      | Reached skill level 5 in Dodging
  7617 | D:6      | Reached skill level 1 in Hexes
  8203 | D:6      | Found a transporter.
  8286 | D:6      | Reached XP level 9. HP: 51/51 MP: 10/16
  8366 | D:6      | Found a transporter.
  8512 | D:6      | Reached skill level 5 in Spellcasting
  8518 | D:6      | Reached skill level 5 in Conjurations
  9168 | D:7      | Found a runed translucent door.
  9181 | D:7      | Found the +10 tower shield of Ignorance {rN+ Int-4}
  9187 | D:7      | Found a runed translucent door.
  9188 | D:7      | Noticed an orange crystal statue
  9495 | D:7      | Reached * piety under Sif Muna
  9967 | D:7      | Noticed an orange crystal statue
  9967 | D:7      | Noticed an orange crystal statue
  9967 | D:7      | Noticed an orange crystal statue
 10254 | D:8      | Noticed Grum
 10276 | D:8      | Killed Grum
 10702 | D:8      | Reached XP level 10. HP: 43/56 MP: 2/18
 10838 | D:8      | Learned a level 4 spell: Flame Wave
 12539 | D:9      | Reached skill level 5 in Hexes
 12931 | D:9      | Found a staircase to the Lair.
 12954 | D:9      | Found a large runed translucent door.
 12954 | D:9      | Found a large runed translucent door.
 12955 | D:9      | Noticed SpyderV's ghost (novice MiFi)
 13586 | D:9      | Noticed Maggie
 14029 | D:9      | Reached skill level 1 in Invocations
 14129 | D:9      | Reached ** piety under Sif Muna
 15063 | D:10     | Entered Level 10 of the Dungeon
 15063 | D:10     | Noticed a cyclops
 15126 | Lair:1   | Entered Level 1 of the Lair of Beasts
 15727 | D:9      | Reached XP level 11. HP: 28/61 MP: 3/20
 16537 | Lair:1   | Learned a level 2 spell: Poisonous Vapours
 16609 | Lair:1   | Reached skill level 1 in Poison Magic
 16813 | Lair:1   | Noticed a five-headed hydra
 17386 | Lair:1   | Noticed Urug
 17449 | Lair:1   | Killed Urug
 17756 | Lair:1   | Reached skill level 5 in Invocations
 18045 | Lair:2   | Found a frozen archway.
 18055 | IceCv    | Entered an ice cave
 18159 | IceCv    | Identified the +0 pair of gloves of Watchfulness {Str+2
                  | Int+5 Dex+3}
 18162 | IceCv    | Noticed a white ugly thing
 18199 | IceCv    | Killed a white ugly thing
 18347 | IceCv    | Noticed a white ugly thing
 18349 | IceCv    | Killed from afar by an ice statue

Illustrated notes

Levels and vault maps discovered:
D:1:      roderic_crop_circles_arrival_small, layout_basic
D:2:      kennysheep_big_flooded_room, layout_loops_cross,
          uniq_crazy_yiuf_cottage
D:3:      layout_rooms, uniq_natasha
D:4:      layout_rooms, minmay_hedge_maze, hangedman_decor_riveting
D:5:      layout_loops_corners, minmay_temple_entry_offerings, st_stairs_10,
          palyth_stone_intersect, minmay_misc_feat_five,
          chequers_decorated_corner, hangedman_minor_gate_pass
D:6:      gammafunk_cloud_chamber, layout_basic
D:7:      minmay_octagon_keep, layout_loops_ring,
          chequers_guarded_unrand_ignorance
D:8:      layout_loops_corners, dk_noncrumbling_3, skrybe_limestone_x, uniq_grum
D:9:      layout_irregular_city, minmay_lair_entry_grove,
          ebering_ghost_disaster_area, nicolae_zen_rock_garden,
          nrook_pool_corridor, uniq_maggie
D:10:     layout_irregular_city, elyvilon_altar_1, david_orc_1_choice,
          serial_shops, nicolae_shop_hallway_plus
Temple:   kilobyte_greek_temple
Lair:1:   layout_cave_pods, grunt_megastairs_3, uniq_urug
Lair:2:   layout_layer_cave, minmay_shoals_entry_beasts,
          spider_nest_entry_web_field, portal_ice_cave_entry_pillars_2,
          fungi_pond_lemuel, uniq_amaemon, uniq_fannar
IceCv:    ice_cave_statue_garden_chambered

Skill      XL: |  1  2  3  4  5  6  7  8  9 10 11 |
---------------+----------------------------------+-----
Stealth        | 3 4 5 7 8 9 |  9.6
Conjurations   | 2 3 4 5 6 7 |  7.2
Dodging        | 3 4 5 7 8 9 |  9.5
Spellcasting   | 3 4 5 6 |  6.9
Fire Magic     | 4 5 6 7 8 |  8.0
Hexes          | 2 4 5 |  5.9
Invocations    | 3 5 |  5.0
Poison Magic   | 3 |  3.5

Action                     |  1- 3 |  4- 6 |  7- 9 | 10-12 || total
---------------------------+-------+-------+-------+-------++-------
  Melee: Unarmed           |     5 |     9 |       |       ||    14
         Constrict         |     3 |     4 |    10 |       ||    17
         Tentacles         |       |     5 |    11 |     1 ||    17
         Whip              |       |     8 |     2 |       ||    10
         Hand axe          |       |       |    40 |       ||    40
         Staff             |       |       |       |     3 ||     3
   Cast: Foxfire           |    60 |   108 |   199 |   253 ||   620
         Scorch            |       |    11 |    64 |    76 ||   151
         Slow              |       |       |       |    52 ||    52
         Flame Wave        |       |       |       |    10 ||    10
  Evoke: Wand              |       |       |       |     1 ||     1
    Use: Scroll            |       |       |    10 |     3 ||    13
         Potion            |       |       |       |     4 ||     4
   Stab: Sleeping          |       |     1 |       |       ||     1
 Armour: Skin              |       |     1 |     3 |     2 ||     6
  Dodge: Dodged            |     3 |    21 |    46 |    87 ||   157
  Block: Buckler           |       |    10 |    67 |    99 ||   176
         Reflection        |       |       |       |     2 ||     2

Table legend: (Time is in decaauts)
 A = Elapsed time spent in this place.
 B = Non-inter-level travel time spent in this place.
 C = Inter-level travel time spent in this place.
 D = Time resting spent in this place.
 E = Time spent auto-exploring this place.
 F = Levels seen in this place.
 G = Mean time per level.
                   A        B        C        D        E       F      G
               +--------+--------+--------+--------+--------+-----+--------+
         Total |  18384 |  17185 |   1199 |   3641 |  10379 |  14 | 1313.1 |
       Dungeon |  15850 |  14684 |   1166 |   2766 |   9404 |  10 | 1585.0 |
        Temple |    185 |    152 |     33 |      0 |    144 |   1 |  185.0 |
          Lair |   2054 |   2054 |      0 |    669 |    831 |   2 | 1027.0 |
      Ice Cave |    293 |    293 |      0 |    206 |      0 |   1 |  293.0 |
               +--------+--------+--------+--------+--------+-----+--------+

Top non-repeatable levels by time:
     D:8: 2978 daAuts
     D:9: 2715 daAuts
  Lair:1: 2044 daAuts
     D:3: 1929 daAuts
     D:2: 1772 daAuts
     D:5: 1709 daAuts
     D:7: 1459 daAuts
     D:1: 1175 daAuts
     D:6: 1155 daAuts
     D:4: 953 daAuts
   IceCv: 293 daAuts
  Temple: 185 daAuts
  Lair:2: 9 daAuts
    D:10: 3 daAuts
